 Dungeon Crawl Stone Soup version 0.25.0-46-gbd7b0854d2 (webtiles) character file.

Game seed: 11630957594529523709

30 Atelerd the Magician (level 3, -2/21 HPs)
             Began as an Octopode Wizard on July 15, 2020.
             Slain by Terence
             ... wielding a +0 hand axe of venom
              (6 damage)
             ... on level 1 of the Dungeon.
             The game lasted 00:01:42 (1411 turns).

Atelerd the Magician (Octopode Wizard)              Turns: 1411, Time: 00:01:42

Health: -2/21      AC:  1    Str:  6    XL:     3   Next: 20%
Magic:  7/7        EV: 13    Int: 21    God:
Gold:   62         SH:  0    Dex: 10    Spells: 4/8 levels left

rFire    . . .     SeeInvis .   d - +0 dagger
rCold    . . .     Gourm    .   (no shield)
rNeg     . . .     Faith    .   a - +0 hat
rPois    .         Spirit   .   (no amulet)
rElec    .         Reflect  .   (no ring)
rCorr    .         Harm     .   (no ring)
MR       .....                  (no ring)
Stlth    +++.......             (no ring)
HPRegen  0.07/turn              (no ring)
MPRegen  0.10/turn              (no ring)
                                (no ring)
                                (no ring)

@: lethally poisoned (-2 -> -7), stab
A: almost no armour, stealthy swim, amphibious, 8 rings, constrict 8, camouflage
1, gelatinous body 1
a: no special abilities


You were on level 1 of the Dungeon.
You were not hungry.

You visited 1 branch of the dungeon, and saw 2 of its levels.

You collected 62 gold pieces.

Inventory:

Hand Weapons
 d - a +0 dagger (weapon)
Armour
 a - a +0 hat (worn)
Scrolls
 b - a scroll of fear {unknown}
 e - 2 scrolls of fog {unknown}
Comestibles
 c - 4 rations


   Skills:
 - Level 2.0 Dodging
 - Level 2.6 Stealth
 + Level 3.3 Spellcasting
 * Level 2.5 Conjurations
   Level 1.0 Summonings
   Level 1.0 Translocations
 * Level 0.2 Poison Magic


You had 4 spell levels left.
You knew the following spells:

 Your Spells              Type           Power        Failure   Level  Hunger
a - Magic Dart            Conj           ##..         4%          1    None
b - Mephitic Cloud        Conj/Pois/Air  #.......     26%         3    ###....

Your spell library contained the following spells:

 Spells                   Type           Power        Failure   Level  Hunger
 Blink                    Tloc           N/A          13%         2    ##.....
 Call Imp                 Summ           #.......     13%         2    ##.....
 Slow                     Hex            #.......     19%         2    ##.....
 Conjure Flame            Conj/Fire      #.......     22%         3    ###....


Dungeon Overview and Level Annotations

Branches:
Dungeon (2/15)

Altars:
Ashenzari
Cheibriados
Dithmenos

Annotations:
D:1 Terence


Innate Abilities, Weirdness & Mutations

You cannot wear most types of armour.
You are very stealthy in the water. (Stealth+)
You are amphibious.
You can wear up to eight rings at the same time.
You can use your tentacles to constrict eight enemies at once.
Your skin changes colour to match your surroundings (Stealth+).
Your rubbery body absorbs attacks. (AC +1, EV +1)


Message History

Terence says, "You're history."
Terence hits you with a +0 hand axe of venom.
You are lethally poisoned!
You feel sick.
* * * LOW HITPOINT WARNING * * *
You feel sick.
* * * LOW HITPOINT WARNING * * *
You feel sick.
* * * LOW HITPOINT WARNING * * *
You feel sick.
* * * LOW HITPOINT WARNING * * *
You feel sick.
There is a lethal amount of poison in your body!
It was a potion of stabbing.
You feel ready to backstab.
You hit Terence. You grab Terence. You squeeze Terence.
Terence is heavily wounded.
You constrict Terence, but do no damage.
Terence hits you with a +0 hand axe of venom.
You die...

#################
#................ #####
##.###############
#...##########...........######
#..>...........#.#######.......
#...##########...##############
##.## ######.@@..............)
#.# #.)....###.#####.###.###
#.# #.####.# #.# #.# #.# # #.#
#.# #.###.# #.# #.# # #.# #.#
#.....# #.# #.### #.# #.#
#.##### #.# #.[.. #.# #.# #.#
#.####### #.# #.# #.# #..# #.#
#.# #.# #####.######


You could see Terence.

Vanquished Creatures
  A dart slug (D:1)
  A leopard gecko (D:1)
  A ball python (D:1)
  A bat (D:2)
  A giant cockroach (D:1)
  5 goblins (D:1)
  5 hobgoblins (D:1)
  2 frilled lizards (D:1)
  5 kobolds
  4 rats (D:1)
26 creatures vanquished.

Notes
Turn   | Place    | Note
-------+----------+-------------------------------------------
     0 | D:1      | Atelerd the Octopode Wizard began the quest for the Orb.
     0 | D:1      | Reached XP level 1. HP: 11/11 MP: 4/4
   220 | D:1      | Reached XP level 2. HP: 17/17 MP: 1/6
   748 | D:1      | Reached XP level 3. HP: 17/21 MP: 7/7
   755 | D:1      | Learned a level 3 spell: Mephitic Cloud
  1221 | D:2      | Found a snail-covered altar of Cheibriados.
  1284 | D:2      | Found a shattered altar of Ashenzari.
  1285 | D:2      | Found a shadowy altar of Dithmenos.
  1297 | D:2      | Noticed Terence
  1411 | D:1      | Slain by Terence

Illustrated notes

Levels and vault maps discovered:
D:1:      minmay_arrival_glassed_features, layout_loops_ring
D:2:      layout_basic, overflow_temple_1_default, evilmike_ruin_ashenzari,
          cheibriados_altar_1, makhleb_heckhound_becter, uniq_terence,
          uniq_sigmund

Skill      XL: |  1  2 |
---------------+-------+-----
Conjurations   | 2 |  2.5
Dodging        | |  2.0
Stealth        | |  2.6
Spellcasting   | |  3.3
Summonings     | |  1.0
Translocations | |  1.0
Poison Magic   | |  0.2

Action                   || total
-------------------------++-------
Melee: Unarmed           ||     7
       Dagger            ||    47
       Constrict         ||    14
       Tentacles         ||     5
 Cast: Magic Dart        ||     6
  Use: Potion            ||     1
 Stab: Sleeping          ||     7
  Eat: Chunk             ||     1
Armor: Skin              ||     6
Dodge: Dodged            ||    37
